 Dungeon Crawl Stone Soup version 0.28.0 (webtiles) character file.

Game seed: 17953080077330743982

125 SnakkuSnakku7 the Vexing (level 5, -2/35 HPs)
             Began as a Human Enchanter on Feb 9, 2022.
             Slain by a gnoll (8 damage)
             ... on level 3 of the Dungeon.
             The game lasted 00:07:31 (5285 turns).

SnakkuSnakku7 the Vexing (Human Enchanter)          Turns: 5285, Time: 00:07:33

Health: -2/35      AC:  2    Str:  5 (8)  XL:     5   Next: 30%
Magic:  2/8        EV: 12    Int: 16 (17) God:
Gold:   93         SH:  0    Dex: 13 (14) Spells: 6/8 levels left

rFire   . . .      SeeInvis .   a - +1 dagger
rCold   . . .      Faith    .   (no shield)
rNeg    . . .      Spirit   .   b - +0 robe
rPois   .          Reflect  .   (no helmet)
rElec   .          Harm     .   (no cloak)
rCorr   .          Rampage  .   (no gloves)
Will    .....                   (no boots)
Stlth   ++........              (no amulet)
HPRegen 0.11/turn               p - ring of flight
MPRegen 0.11/turn               (no ring)

@: lethally poisoned (-2 -> -13), flying
A: no striking features
a: no special abilities


You were on level 3 of the Dungeon.
You visited 1 branch of the dungeon, and saw 3 of its levels.

You collected 93 gold pieces.

Inventory:

Hand Weapons
 a - a +1 dagger (weapon)
Missiles
 k - 13 poisoned darts
Armour
 b - a +0 robe (worn)
Jewellery
 p - a ring of flight (left hand)
Scrolls
 d - 2 scrolls of teleportation {unknown}
 f - 2 scrolls of identify {unknown}
 g - a scroll of amnesia {unknown}
 h - a scroll of magic mapping {unknown}
 i - a scroll of enchant weapon {unknown}
 j - 2 scrolls of fog {unknown}
 o - a scroll of blinking {unknown}
Potions
 c - a potion of invisibility
 e - a potion of degeneration
 l - a potion of curing {unknown}
 m - a potion of mutation {unknown}
 n - 2 potions of lignification {unknown}


   Skills:
 + Level 1.8 Short Blades
 - Level 2.0 Dodging
 - Level 3.0 Stealth
 - Level 2.0 Spellcasting
 - Level 5.3 Hexes


You had 6 spell levels left.
You knew the following spells:

 Your Spells              Type           Power      Damage    Failure   Level
a - Ensorcelled Hibernat  Hex/Ice        20%        N/A       11%         2

Your spell library contained the following spells:

 Spells                   Type           Power      Damage    Failure   Level
 Confusing Touch          Hex            18%        N/A       7%          3
 Tukima's Dance           Hex            18%        N/A       7%          3
 Dazzling Flash           Conj/Hex       20%        N/A       21%         3
 Corpse Rot               Necr/Air       2%         N/A       30%         2
 Poisonous Vapours        Pois/Air       2%         N/A       30%         2
 Yara's Violent Unravell  Hex/Tmut       5%         3d4       88%         5
 Passage of Golubria      Tloc           1%         N/A       90%         4


Dungeon Overview and Level Annotations

Branches:
Dungeon (3/15)

Altars:

Shops:
D:1 *


Message History

You throw a poisoned dart. The poisoned dart hits the gnoll.
Unknown command.
Okay, then.
Aiming: Ensorcelled Hibernation (safe; 10% risk of failure)
Press: ? - help, Q - select action, (/) - cycle Shift-Dir - straight line, f/p - gnoll
Aim: a gnoll, wielding a +0 club (chance to affect: 52%)
The gnoll looks drowsy...
Unknown command.
The helpless gnoll fails to defend itself.
You puncture the gnoll!
You kill the gnoll!
Things that are here:
a +0 club; a gnoll corpse
k - 13 poisoned darts (gained 1)
Aiming: Ensorcelled Hibernation (safe; 10% risk of failure)
Press: ? - help, Q - select action, (/) - cycle Shift-Dir - straight line, f - gnoll
Aim: a gnoll, wielding a +1 whip of venom (wandering, hasn't noticed you, chance to affect: 52%)
The gnoll shouts!
The gnoll resists with significant effort.
The gnoll hits you with a +1 whip of venom.
Aiming: Ensorcelled Hibernation (safe; 10% risk of failure)
Press: ? - help, Q - select action, (/) - cycle Shift-Dir - straight line, f/p - gnoll
Aim: a gnoll, wielding a +1 whip of venom (chance to affect: 52%)
The gnoll resists with significant effort.
The gnoll hits you with a +1 whip of venom!
You are poisoned.
Aiming: Ensorcelled Hibernation (safe; 10% risk of failure)
Press: ? - help, Q - select action, (/) - cycle Shift-Dir - straight line, f/p - gnoll
Aim: a gnoll, wielding a +1 whip of venom (chance to affect: 52%)
The gnoll resists with significant effort.
You feel very sick.
The gnoll hits you with a +1 whip of venom!
* * * LOW HITPOINT WARNING * * *
It was a potion of degeneration.
There was something very wrong with that liquid.
You feel weakened.
You feel dopey.
You feel clumsy.
* * * LOW HITPOINT WARNING * * *
You feel very sick.
The gnoll hits you with a +1 whip of venom!
You die...

### ###### ..## #....#
#..# #....# ##.####
#....######### #....#
#............# ####.#
#######....#####..##
#)###..........###...##
#####.[.......#.g......###
###
.........######.@..#####
#.# ........#######....#
#.# ######..........(..#
#.# ...###........##.###
##.# ##..##>......###.#
##..# ##.##.......# #.#
#..## #.........####<##
#.## ###########.......#
##.# ..# ####....# ##..#


You could see a gnoll.

Vanquished Creatures
  4 adders
  3 gnolls (D:3)
  2 worms (D:2)
  A dart slug (D:1)
  An orc (D:3)
  5 endoplasms
  2 giant cockroaches (D:1)
  4 hobgoblins
  2 quokkas
  3 ball pythons
  7 bats
  3 frilled lizards
  4 goblins
  6 kobolds
  6 rats
53 creatures vanquished.

Notes
Turn   | Place    | Note
-------+----------+-------------------------------------------
     0 | D:1      | SnakkuSnakku7 the Human Enchanter began the quest for the
                  | Orb.
     0 | D:1      | Reached XP level 1. HP: 13/13 MP: 3/3
   326 | D:1      | Found Liseomp's Assorted Antiques.
   689 | D:1      | Reached XP level 2. HP: 19/19 MP: 5/5
   716 | D:1      | Learned a level 2 spell: Ensorcelled Hibernation
   819 | D:1      | Found a faded altar of an unknown god.
  1939 | D:2      | Reached skill level 4 in Hexes
  1939 | D:2      | Reached XP level 3. HP: 10/24 MP: 6/6
  3623 | D:2      | Reached XP level 4. HP: 22/30 MP: 4/7
  3993 | D:3      | Reached skill level 5 in Hexes
  4111 | D:2      | Reached XP level 5. HP: 7/35 MP: 2/8
  5285 | D:3      | Slain by a gnoll

Illustrated notes

Levels and vault maps discovered:
D:1:      nagdon_arrival_zigzag_paths, layout_basic, basic_ecumenical_altar,
          serial_shops, nicolae_shop_stone
D:2:      layout_basic, chequers_serial_rivers_room_b
D:3:      layout_rooms

Skill      XL: |  1  2  3  4 |
---------------+-------------+-----
Hexes          | 4 5 |  5.3
Short Blades   | |  1.8
Dodging        | |  2.0
Stealth        | |  3.0
Spellcasting   | |  2.0

Action                   |  1- 3 |  4- 6 || total
-------------------------+-------+-------++-------
Melee: Dagger            |   139 |    94 ||   233
       Punch             |     1 |       ||     1
Throw: Dart              |     7 |    11 ||    18
 Cast: Ensorcelled Hiber |    23 |    19 ||    42
  Use: Potion            |       |     1 ||     1
 Stab: Sleeping          |    11 |    14 ||    25
Armor: Robe              |    25 |    24 ||    49
Dodge: Dodged            |    92 |    93 ||   185
